 Dungeon Crawl Stone Soup version 0.23-a0-586-gacb4b3f (webtiles) character file.

9 Lanoc the Ogre Mage (level 2, -3/24 HPs)
             Began as an Ogre Wizard on Dec 18, 2018.
             Slain by a kobold
             ... wielding a +1 short sword of protection
              (6 damage)
             ... on level 1 of the Dungeon.
             The game lasted 00:01:51 (653 turns).

Lanoc the Ogre Mage (Ogre Wizard)                    Turns: 653, Time: 00:01:52

Health: -3/24      AC:  3    Str: 10    XL:     2   Next: 12%
Magic:  0/6        EV: 10    Int: 19    God:
Gold:   45         SH:  0    Dex:  7    Spells: 7/8 levels left

rFire    . . .     SeeInvis .   (no weapon)
rCold    . . .     Gourm    .   (no shield)
rNeg     . . .     Faith    .   a - +0 robe
rPois    .         Spirit   .   b - +0 hat
rElec    .         Reflect  .   (no cloak)
rCorr    .         Harm     .   (gloves unavailable)
MR       .....                  (boots unavailable)
Stlth    +.........             (no amulet)
HPRegen  0.08/turn              (no ring)
MPRegen  0.10/turn              (no ring)

@: very slightly contaminated
A: large, unfitting armour, tough skin 1
a: no special abilities


You were on level 1 of the Dungeon.
You were not hungry.

You visited 1 branch of the dungeon, and saw 1 of its levels.

You collected 45 gold pieces.

Inventory:

Armour
 a - a +0 robe (worn)
 b - a +0 hat (worn)
Scrolls
 e - 2 scrolls of identify {unknown}
 g - a scroll of blinking {unknown}
Potions
 c - 2 potions of lignification {unknown}
Comestibles
 d - 2 rations


   Skills:
 + Level 2.0 Dodging
 - Level 1.4 Stealth
 + Level 3.8 Spellcasting
 + Level 1.2 Conjurations
   Level 0.8 Summonings
   Level 0.8 Translocations


You had 7 spell levels left.
You knew the following spells:

 Your Spells              Type           Power        Failure   Level  Hunger
a - Magic Dart            Conj           #...         9%          1    None

Your spell library contained the following spells:

 Spells                   Type           Power        Failure   Level  Hunger
 Blink                    Tloc           N/A          16%         2    ##.....
 Call Imp                 Summ           #.......     16%         2    ##.....
 Slow                     Hex            #.......     22%         2    ##.....
 Conjure Flame            Conj/Fire      #.......     32%         3    ###....
 Mephitic Cloud           Conj/Pois/Air  #.......     34%         3    ###....


Dungeon Overview and Level Annotations

Branches:
Dungeon (1/15)

Altars:


Innate Abilities, Weirdness & Mutations

You are too large for most types of armour.
You have tough skin. (AC +1)


Message History

The kobold is moderately wounded.
The kobold barely misses you.
Casting: Magic Dart (safe; 9% risk of failure)
Confirm with . or Enter, or press ? or * to list all spells.
Aiming: Magic Dart (safe; 9% risk of failure)
Press: ? - help, Shift-Dir - straight line, f/p - kobold
Aim: a kobold, wielding a +1 short sword of protection (moderately wounded)
The magic dart hits the kobold.
The kobold is moderately wounded.
The kobold hits you but does no damage.
Casting: Magic Dart (safe; 9% risk of failure)
Confirm with . or Enter, or press ? or * to list all spells.
Aiming: Magic Dart (safe; 9% risk of failure)
Press: ? - help, Shift-Dir - straight line, f/p - kobold
Aim: a kobold, wielding a +1 short sword of protection (moderately wounded)
You miscast Magic Dart.
You are very lightly contaminated with residual magic.
Sparks fly from your hands!
The kobold hits you with a +1 short sword of protection.
You die...

#.# #.# ### #.# ..# ######.# #.#
#......# ######### #.#
#......### #.......# #
##.####.....[..# #.#####.# #.
#.........K@...####.#####.#
###.##..####................##.#
.........# #####...#####.##.##.#
.##......# ##.## #.##.##.#
.#####.#.# #.# #.......# .#
###.#.# #.# ####.#### .# #...#.#
##+## ##.##### .# #.###.#
##...## #....... .# #.###.#
##.....## #..#####


You could see a kobold.

Vanquished Creatures
  2 bats (D:1)
  A giant cockroach (D:1)
  A goblin (D:1)
  2 kobolds (D:1)
  A frilled lizard (D:1)
7 creatures vanquished.

Notes
Turn   | Place    | Note
-------+----------+-------------------------------------------
     0 | D:1      | Lanoc the Ogre Wizard began the quest for the Orb.
     0 | D:1      | Reached XP level 1. HP: 16/16 MP: 5/5
    55 | D:1      | Reached skill level 1 in Conjurations
   492 | D:1      | Reached XP level 2. HP: 24/24 MP: 3/6
   653 | D:1      | Slain by a kobold

Vault maps used:
D:1:      elethiomel_arrival_quiet

Skill      XL: |  1 |
---------------+----+-----
Conjurations   | 1 |  1.2
Dodging        | 2 |  2.0
Stealth        | |  1.4
Spellcasting   | |  3.8
Summonings     | |  0.8
Translocations | |  0.8

Action                   || total
-------------------------++-------
Melee: Unarmed           ||    18
 Cast: Magic Dart        ||    25
Armor: Robe              ||    11
Dodge: Dodged            ||    16

Table legend:
 A = Non-vault XP
 B = Vault XP
 C = Vault XP percentage of total XP
 D = Non-vault monster count
 E = Vault monster count
 F = Vault count percentage of total count
                 A         B        C        D         E       F
            +---------+---------+-------+---------+---------+-------
      Total |      13 |       0 |   0.0 |       7 |       0 |   0.0
            +---------+---------+-------+---------+---------+-------
        D:1 |      13 |       0 |   0.0 |       7 |       0 |   0.0
            +---------+---------+-------+---------+---------+-------
